 Dungeon Crawl Stone Soup version 0.17-a0-1769-g54adf96 (webtiles) character file.

261 TruthSerum the Chucker (level 6, 0/66 HPs)
             Began as an Ogre Hunter on Sept 7, 2015.
             Slain by an ogre
             ... wielding a cursed +0 giant club
              (20 damage)
             ... on level 4 of the Dungeon.
             The game lasted 00:18:04 (3668 turns).

TruthSerum the Chucker (Ogre Hunter)                Turns: 3668, Time: 00:18:04

Health: 0/66       AC:  4    Str: 20    XL:     6   Next: 18%
Magic:  6/6        EV: 10    Int: 16    God:
Gold:   162        SH:  0    Dex: 10    Spells: 0 memorised, 5 levels left

rFire  . . .     SeeInvis .     j - +0 club
rCold  . . .     Clarity  .     d - +0 robe
rNeg   . . .     SustAt   .     (no shield)
rPois  .         Gourm    .     (helmet restricted)
rElec  .         Spirit   .     w - +0 cloak
rCorr  .         Warding  .     (gloves unavailable)
rMut   .         Stasis   .     (boots unavailable)
MR     .....                    (no amulet)
Stlth  +.........               (no ring)
                                t - +6 ring of intelligence

@: not resistant to hostile enchantments, very unstealthy
A: unfitting armour, tough skin 1
a: no special abilities


You were on level 4 of the Dungeon.
You were not hungry.

You visited 1 branch of the dungeon, and saw 4 of its levels.

You collected 162 gold pieces.

Inventory:

Hand weapons
 j - a +0 club (weapon)
Missiles
 b - 2 throwing nets (quivered)
Armour
 d - a +0 robe (worn)
 w - a +0 cloak (worn)
Jewellery
 t - a +6 ring of intelligence (left hand)
 v - an uncursed ring of fire
Scrolls
 c - a scroll of fog {unknown}
 g - a scroll of enchant armour {unknown}
 i - 7 scrolls of remove curse {unknown}
 k - 2 scrolls of amnesia {unknown}
 l - a scroll of teleportation {unknown}
 s - a scroll of enchant weapon {unknown}
Potions
 a - 2 potions of agility {unknown}
 f - 2 potions of lignification
 h - a potion of haste
 m - a potion of cancellation
 n - a potion of poison {unknown}
 q - 3 potions of curing {unknown}
Comestibles
 e - 2 bread rations
 o - a beef jerky
 p - a meat ration


   Skills:
 + Level 5.0 Fighting
 * Level 4.1 Maces & Flails
 - Level 5.1 Throwing
 + Level 3.1 Dodging
 - Level 0.7 Stealth


You had 5 spell levels left.
You didn't know any spells.

Dungeon Overview and Level Annotations

Branches:
Dungeon (4/15)
 Temple: D:4-7

Altars:
Ru

Annotations:
D:4 Eustachio


Innate Abilities, Weirdness & Mutations

You are too large for most types of armour.
You have tough skin (AC +1).


Message History

The river rat's corpse disappears in a puff of smoke!
The rat bites you.
You hit the rat.
You kill the rat!
The rat's corpse disappears in a puff of smoke!
You closely miss the ogre. The ogre hits you with a giant club!
You barely miss the ogre. The ogre hits you with a giant club!!
* * * LOW HITPOINT WARNING * * *
Eustachio screams, "This atrocity can only be purified with blood!"
Eustachio gestures wildly while chanting.
You hit the ogre.
The ogre is lightly wounded.
Eustachio gestures wildly while chanting.
The ogre closely misses you.
The ufetubus shouts!
You hit the ogre but do no damage.
The ogre is lightly wounded.
You hear a shout!
The ogre hits you with a giant club!!
You die...

#<# #.######.##
#.#.......#
.###.#.####..#
....... ##...#
....... #....#
....... #....#
......5##.##.#
....55@O@....#
......###.#.#.#
..... #..###.
##.. ###.# ##


?@O #.# (. .# # # You could see Eustachio, an ogre, an iron imp, a white imp and
an ufetubus.

Vanquished Creatures
  A giant frog (D:3)
  A hound (D:3)
  9 adders
  2 oozes
  2 worms
  6 giant geckos
  10 bats
  6 giant cockroaches
  10 hobgoblins
  2 jackals (D:3)
  2 quokkas (D:3)
  A ball python (D:3)
  4 giant newts
  14 goblins
  10 kobolds
  9 rats
89 creatures vanquished.

Notes
Turn   | Place    | Note
--------------------------------------------------------------
     0 | D:1      | TruthSerum the Ogre Hunter began the quest for the Orb.
     0 | D:1      | Reached XP level 1. HP: 22/22 MP: 1/1
   243 | D:1      | HP: 1/23 [giant gecko (4)]
   244 | D:1      | Reached XP level 2. HP: 1/31 MP: 2/2
   958 | D:1      | Reached skill level 1 in Maces & Flails
  1286 | D:2      | Reached XP level 3. HP: 37/37 MP: 3/3
  1602 | D:2      | Reached XP level 4. HP: 32/48 MP: 4/4
  2058 | D:2      | Found a sacrificial altar of Ru.
  2350 | D:2      | Reached XP level 5. HP: 38/55 MP: 5/5
  2727 | D:3      | Reached skill level 5 in Throwing
  2896 | D:3      | Reached XP level 6. HP: 30/65 MP: 6/6
  3648 | D:4      | Reached skill level 5 in Fighting
  3650 | D:4      | Noticed Eustachio
  3668 | D:4      | Slain by an ogre

Vault maps used:
D:1:      sevenhm_arrival_forest_fort_small_5
D:2:      nicolae_overflow_crystal_walls, st_stairs_8, minivault_5,
          minmay_cupped
D:3:      due_unseen_surprise
D:4:      lemuel_round_altar, first_bread, makhleb_altar_promises_db,
          uniq_menkaure, uniq_eustachio, uniq_sigmund

Action                   |  1- 3 |  4- 6 || total
-------------------------+-------+-------++-------
Melee: Short sword       |    36 |       ||    36
       Club              |    75 |   253 ||   328
Throw: Large rock        |    19 |    34 ||    53
       Throwing net      |     1 |     1 ||     2
  Use: Scroll            |       |     3 ||     3
 Stab: Sleeping          |     2 |     1 ||     3
  Eat: Chunk             |     2 |     7 ||     9
